 Dungeon Crawl Stone Soup version 0.24.0-2-g5b39cebb1c (webtiles) character file.

Game seed: 9570992335483689626, levelgen mode: deterministic

2303 Froggeryz the Cleaver (level 9, 0/112 HPs)
             Began as a Minotaur Berserker on Oct 31, 2019.
             Was a Priest of Trog.
             Slain by a killer bee (8 damage)
             ... on level 7 of the Dungeon.
             The game lasted 00:06:00 (5634 turns).

Froggeryz the Cleaver (Minotaur Berserker)          Turns: 5634, Time: 00:06:01

Health: 0/112      AC:  3    Str: 27    XL:     9   Next: 18%
Magic:  8/8        EV: 12    Int:  5    God:    Trog [***...]
Gold:   326        SH:  0    Dex: 12    Spells: 8/8 levels left

rFire    . . .     SeeInvis .   a - +1 hand axe
rCold    . . .     Gourm    .   (no shield)
rNeg     . . .     Faith    .   b - +0 leather armour (curse)
rPois    .         Spirit   .   (helmet restricted)
rElec    .         Reflect  .   (no cloak)
rCorr    .         Harm     .   (no gloves)
MR       .....                  (no boots)
Stlth    ..........             (no amulet)
HPRegen  0.28/turn              (no ring)
MPRegen  0.11/turn              (no ring)

@: berserking, lethally poisoned (0 -> -1), very quick
A: retaliatory headbutt, horns 2
a: Berserk, Trog's Hand, Renounce Religion


You were on level 7 of the Dungeon.
You worshipped Trog.
Trog was most pleased with you.
You were near starving.

You visited 1 branch of the dungeon, and saw 7 of its levels.

You collected 326 gold pieces.

Inventory:

Hand Weapons
 a - a +1 hand axe (weapon)
Armour
 b - a cursed +0 leather armour (worn)
Jewellery
 k - an uncursed ring of fire {unknown}
Wands
 h - a wand of digging (6)
 o - a wand of polymorph (9)
 u - a wand of disintegration (9)
Scrolls
 d - 8 scrolls of identify
 e - a scroll of teleportation {unknown}
 l - a scroll of amnesia {unknown}
 n - 3 scrolls of magic mapping {unknown}
 p - a scroll of fear
 q - a scroll of enchant armour {unknown}
 s - a scroll of noise {unknown}
Potions
 f - a potion of mutation {unknown}
 g - 2 potions of ambrosia
 i - 3 potions of might {unknown}
 j - a potion of agility {unknown}
 m - 2 potions of flight {unknown}
 r - 2 potions of brilliance {unknown}
 t - a potion of degeneration {unknown}
Comestibles
 c - 13 rations
 v - 2 chunks of flesh


   Skills:
 + Level 6.2 Fighting
 * Level 13.6 Axes
 - Level 2.4 Armour
 - Level 2.1 Dodging


You had 8 spell levels left.
You didn't know any spells.
Your spell library was empty.

Dungeon Overview and Level Annotations

Branches:
Dungeon (7/15)             Temple (0/1) D:6

Altars:
Gozag
Makhleb
Okawaru
Ru
Sif Muna
Vehumet
Wu Jian


Innate Abilities, Weirdness & Mutations

You reflexively headbutt those who attack you in melee.
You have a pair of horns on your head.


Message History

You headbutt the killer bee, but do no damage.
The killer bee is severely wounded.
You barely miss the killer bee.
You feel sick. The killer bee stings you!
* * * LOW HITPOINT WARNING * * *
The killer bee stings you!
* * * LOW HITPOINT WARNING * * *
A red film seems to cover your vision as you go berserk!
You feel yourself moving faster!
You feel mighty!
You are near starving!
The killer bee stings you.
* * * LOW HITPOINT WARNING * * *
The killer bee barely misses you. The killer bee misses you.
The killer bee barely misses you. You furiously retaliate!
You headbutt the killer bee!!
You kill the killer bee!
Trog accepts your kill.
You miss the killer bee.
The killer bee is severely wounded.
You feel sick. The killer bee stings you!
You die...

...##...####....#### #........
.........#.........#########.....
..###.........................>.#
..# #......<.............######..
..# ##..............###### ## .##
##.............# ##
#.............# #.........y...#
##.......[@#..# ##.......##..#
##......##.# ##....## ##....#
##...# ##....... #.......
##...#..


You could see a killer bee.

Vanquished Creatures
  Joseph (D:7)
  Grinder (D:6)
  An orc warrior (D:7)
  A sky beast (D:6)
  3 centaurs
  6 bullfrogs
  2 killer bees (D:7)
  2 crimson imps
  A quasit (D:7)
  2 jellies (D:7)
  2 centaur skeletons (D:7)
  3 hounds
  3 orc priests
  6 orc wizards
  Jessica (D:3)
  Natasha (D:4)
  2 worker ants
  A hound zombie (D:6)
  A hound skeleton (D:7)
  A worker ant zombie (D:5)
  6 adders
  A shadow imp (D:7)
  4 oozes
  An adder zombie (D:6)
  An adder skeleton (D:7)
  2 worms
  2 dart slugs
  7 leopard geckos
  15 orcs
  6 bats
  3 giant cockroaches
  11 goblins
  2 hobgoblins
  7 jackals
  10 kobolds
  3 quokkas
  A ball python (D:5)
  3 frilled lizards
  A leopard gecko skeleton (D:5)
  A quokka skeleton (D:4)
  5 rats
133 creatures vanquished.

Notes
Turn   | Place    | Note
-------+----------+-------------------------------------------
     0 | D:1      | Froggeryz the Minotaur Berserker began the quest for the
                  | Orb.
     0 | D:1      | Reached XP level 1. HP: 19/19 MP: 0/0
    34 | D:1      | Reached skill level 4 in Axes
    34 | D:1      | Reached XP level 2. HP: 26/26 MP: 1/1
   165 | D:1      | Reached skill level 5 in Axes
   297 | D:1      | Reached XP level 3. HP: 31/31 MP: 2/2
   403 | D:1      | Reached ** piety under Trog
   879 | D:2      | Reached skill level 6 in Axes
   879 | D:2      | Reached XP level 4. HP: 21/39 MP: 3/3
  1053 | D:2      | Found an iron altar of Okawaru.
  1420 | D:3      | Noticed Jessica
  1439 | D:3      | Killed Jessica
  1607 | D:3      | Found a faded altar of an unknown god.
  1700 | D:3      | Reached skill level 7 in Axes
  1700 | D:3      | Reached XP level 5. HP: 40/45 MP: 4/4
  1915 | D:3      | You fall into a shaft and drop 3 floors!
  1924 | D:5      | Entered Level 5 of the Dungeon
  2158 | D:4      | Reached skill level 8 in Axes
  2159 | D:4      | Reached XP level 6. HP: 17/51 MP: 5/5
  2418 | D:4      | Found a burning altar of Makhleb.
  2849 | D:4      | Found a sacrificial altar of Ru.
  2902 | D:4      | Reached *** piety under Trog
  3520 | D:4      | Noticed Natasha
  3530 | D:4      | Killed Natasha
  3743 | D:5      | Reached skill level 9 in Axes
  4073 | D:5      | Found an opulent altar of Gozag.
  4073 | D:5      | Found a shimmering blue altar of Sif Muna.
  4078 | D:5      | Found a faded altar of an unknown god.
  4080 | D:5      | Found an ornate altar of the Wu Jian Council.
  4081 | D:5      | Found a radiant altar of Vehumet.
  4089 | D:5      | Reached XP level 7. HP: 37/57 MP: 6/6
  4269 | D:6      | Reached skill level 10 in Axes
  4590 | D:6      | Found a staircase to the Ecumenical Temple.
  4675 | D:6      | Noticed Grinder
  4687 | D:6      | Killed Grinder
  4687 | D:6      | Reached skill level 11 in Axes
  4687 | D:6      | Reached XP level 8. HP: 64/64 MP: 7/7
  4798 | D:6      | Reached skill level 12 in Axes
  4830 | D:6      | Found an opulent altar of Gozag.
  5421 | D:7      | Noticed Joseph
  5442 | D:7      | Killed Joseph
  5442 | D:7      | Reached skill level 5 in Fighting
  5442 | D:7      | Reached skill level 13 in Axes
  5513 | D:7      | Reached XP level 9. HP: 63/75 MP: 8/8
  5634 | D:7      | Slain by a killer bee

Levels and vault maps discovered:
D:1:      erik_arrival_gehennom, layout_loops_ring
D:2:      minmay_kobold_bridge, layout_basic, lemuel_crystal_altar,
          minmay_tromino_v4_c
D:3:      layout_loops_cross, first_ration, chequers_ecumenical_altar_simple,
          uniq_jessica
D:4:      layout_loops_corners, makhleb_blood_cavern_becter,
          nicolae_ru_path_of_blood, uniq_natasha
D:5:      layout_cave_pools, chequers_temple_overflow_minitemple
D:6:      layout_cave_pods, minmay_temple_entry_offerings, basic_altar,
          minmay_fractal_squares_diagonal_5, uniq_grinder
D:7:      layout_cave_pods, uniq_joseph

Skill      XL: |  1  2  3  4  5  6  7  8  9 |
---------------+----------------------------+-----
Axes           | 4 5 6 7 8 9 11 13 | 13.6
Fighting       | 5 6 |  6.2
Armour         | |  2.4
Dodging        | |  2.1

Action                   |  1- 3 |  4- 6 |  7- 9 || total
-------------------------+-------+-------+-------++-------
Melee: Hand axe          |    67 |   154 |   138 ||   359
       Headbutt          |     8 |    22 |    33 ||    63
Invok: Berserk           |       |     1 |     4 ||     5
       Trog's Hand       |       |       |     1 ||     1
  Use: Scroll            |       |     5 |       ||     5
 Stab: Sleeping          |     1 |       |       ||     1
  Eat: Chunk             |       |    11 |     4 ||    15
       Ration            |       |       |     1 ||     1
Armor: Animal skin       |    11 |     2 |       ||    13
       Leather armour    |       |    16 |    23 ||    39
Dodge: Dodged            |    40 |    74 |    81 ||   195
